 Dungeon Crawl Stone Soup version 0.29.0-4-gdea44cf6ec (webtiles) character file.

Game seed: 16797019318426355799

42 qw the Ruffian (level 3, -1/28 HPs)
             Began as a Ghoul Fire Elementalist on Aug 30, 2022.
             Slain by a gnoll
             ... wielding a +0 flail
              (10 damage)
             ... on level 2 of the Dungeon.
             The game lasted 00:01:45 (2307 turns).

qw the Ruffian (Ghoul Fire Elementalist)            Turns: 2307, Time: 00:01:46

Health: -1/28      AC:  2    Str: 13    XL:     3   Next: 54%
Magic:  4/4        EV: 10    Int: 10    God:
Gold:   65         SH:  6    Dex:  9    Spells: 4/5 levels left

rFire   . . .      SeeInvis .     - Unarmed
rCold   + . .      Faith    .   f - +0 kite shield
rNeg    + + +      Spirit   .   a - +0 robe
rPois   inf        Reflect  .   (no helmet)
rElec   .          Harm     .   (no cloak)
rCorr   .          Rampage  .   (no gloves)
Will    .....                   (no boots)
Stlth   ++........              (no amulet)
HPRegen 0.00/turn               (no ring)
MPRegen 0.09/turn               (no ring)

@: inhibited regen
A: claws 1, cold resistance 1, negative energy resistance 3, inhibited
regeneration, torment resistance 2, devour on kill
a: no special abilities


You were on level 2 of the Dungeon.
You visited 1 branch of the dungeon, and saw 2 of its levels.

You collected 65 gold pieces.


Innate Abilities, Weirdness & Mutations

You are immune to poison.
You have sharp fingernails.
Your flesh is cold resistant. (rC+)
You are immune to negative energy. (rN+++)
You do not regenerate when monsters are visible.
You are immune to unholy pain and torment.
You thrive by killing the living.


   Skills:
 - Level 1.0 Fighting
 - Level 1.7 Dodging
 - Level 2.1 Stealth
 - Level 1.0 Shields
 + Level 2.6 Unarmed Combat
 - Level 1.7 Spellcasting
 - Level 0.7 Conjurations
 - Level 2.4 Fire Magic


You had 4 spell levels left.
You knew the following spells:

 Your Spells              Type           Power      Damage    Failure   Level
a - Foxfire               Conj/Fire      16%        2x1d4     50%         1

Your spell library contained the following spells:

 Spells                   Type           Power      Damage    Failure   Level
 Scorch                   Fire           10%        2d5       52%         2
 Conjure Flame            Conj/Fire      4%         6-21      86%         3
 Inner Flame              Hex/Fire       3%         N/A       90%         3
 Flame Wave               Conj/Fire      4%         2d5       99%         4

Inventory:

Armour
 a - a +0 robe (worn)
 b - a +0 ring mail
 c - a +0 scale mail of fire resistance
 f - a +0 kite shield (worn)
Scrolls
 d - a scroll of identify
Potions
 e - 2 potions of heal wounds
 g - a potion of curing {unknown}
 h - a potion of flight {unknown}

Dungeon Overview and Level Annotations

Branches:
Dungeon (2/15)

Altars:


Message History

You see here 5 stones.
You open the door.
There is an open door here.
You now have 51 gold pieces (gained 15).
You now have 65 gold pieces (gained 14).
You open the door.
There is an open door here.
You open the door.
There is an open door here.
You open the door.
A ball python and 2 gnolls come into view.
The gnoll shouts!
You hear a shout!
A goblin comes into view. It is wielding a +0 dagger.
A gnoll comes into view. It is wielding a +0 whip.
The ball python hisses angrily.
Enter note:
Enter note:
2297 ||| Stepping ~*~*~tactically~*~*~ (stealth).
The goblin shouts!
There is an open door here.
You closely miss the gnoll. The gnoll hits you with a +0 flail.
The ball python bites you but does no damage.
You block the ball python's attack.
2302 ||| Stepping ~*~*~tactically~*~*~ (outnumbered).
You scratch the gnoll.
The gnoll is lightly wounded.
You block the gnoll's attack.
You barely miss the gnoll.
The gnoll is lightly wounded.
The gnoll hits you with a +0 flail. x2
You scratch the gnoll.
The gnoll is moderately wounded.
The gnoll hits you with a +0 flail!
You barely miss the gnoll.
The gnoll is moderately wounded.
2307 ||| Stepping ~*~*~tactically~*~*~ (outnumbered).
The gnoll attacks as you move away! The gnoll barely misses you.
The gnoll attacks as you move away! The gnoll hits you with a +0 flail!
You die...

...............#
.......#######.#
.......#######.####
.......'..........#
.......####....##.#
.......#
#.#####'########
########
#.#............#
#.#............#
#.#...@g.......#
#+#####g########
.....g.S# .....g.g#
......... ........#
........# .........
.......##


You could see 3 gnolls and a ball python.

Vanquished Creatures
  A worm (D:2)
  A dart slug (D:1)
  7 ball pythons
  A bat (D:1)
  6 endoplasms
  2 giant cockroaches (D:1)
  4 goblins (D:1)
  2 hobgoblins (D:2)
  3 jackals (D:1)
  2 kobolds
  3 rats
32 creatures vanquished.

Notes
Turn   | Place    | Note
-------+----------+-------------------------------------------
     0 | D:1      | qw the Ghoul Fire Elementalist began the quest for the Orb.
     0 | D:1      | Reached XP level 1. HP: 14/14 MP: 2/2
     0 | D:1      | 0 ||| qw: Version: 0.1-a-90-g952f4b7
     0 | D:1      | 0 ||| qw: Game counter: 4258
     0 | D:1      | 0 ||| qw: Always use a shield: true
     0 | D:1      | 0 ||| qw: God list: Okawaru
     0 | D:1      | 0 ||| qw: Allow faded altars: false
     0 | D:1      | 0 ||| qw: Do Orc after D:15 true
     0 | D:1      | 0 ||| qw: Do second Lair branch before Depths: true
     0 | D:1      | 0 ||| qw: Lair rune preference: random
     0 | D:1      | 0 ||| qw: Plans: Normal
     0 | D:1      | 0 ||| PLANNING D:1-11
   214 | D:1      | Reached skill level 1 in Unarmed Combat
   438 | D:1      | Reached skill level 1 in Fighting
   438 | D:1      | Reached XP level 2. HP: 23/23 MP: 3/3
   659 | D:1      | 659 ||| Stepping ~*~*~tactically~*~*~ (stealth).
   664 | D:1      | 664 ||| Stepping ~*~*~tactically~*~*~ (stealth).
   857 | D:1      | 857 ||| UPGRADING to +0 kite shield.
  1136 | D:1      | 1136 ||| Stepping ~*~*~tactically~*~*~ (stealth).
  1138 | D:1      | 1138 ||| Stepping ~*~*~tactically~*~*~ (stealth).
  1141 | D:1      | 1141 ||| Stepping ~*~*~tactically~*~*~ (stealth).
  1171 | D:1      | Reached XP level 3. HP: 10/28 MP: 4/4
  1510 | D:1      | Reached skill level 1 in Shields
  1518 | D:1      | 1518 ||| Stepping ~*~*~tactically~*~*~ (stealth).
  1525 | D:1      | 1525 ||| Stepping ~*~*~tactically~*~*~ (outnumbered).
  1776 | D:1      | 1776 ||| READING 3 scrolls labelled QYASTUEQAZ.
  1777 | D:1      | 1777 ||| READING scroll labelled YHURGH HIQE.
  1778 | D:1      | 1778 ||| READING scroll labelled BOMEG NOTAHA.
  1782 | D:1      | 1782 ||| READING scroll labelled FUFARCH KARA.
  1783 | D:1      | 1783 ||| READING 2 scrolls of identify.
  1783 | D:1      | 1783 ||| IDENTIFYING dark potion
  1784 | D:1      | 1784 ||| DROPPING potion of magic.
  1856 | D:2      | HP: 7/28 [worm (7)]
  1857 | D:2      | 1857 ||| DRINKING potion of heal wounds.
  2037 | D:2      | Found a faded altar of an unknown god.
  2297 | D:2      | 2297 ||| Stepping ~*~*~tactically~*~*~ (stealth).
  2302 | D:2      | 2302 ||| Stepping ~*~*~tactically~*~*~ (outnumbered).
  2307 | D:2      | 2307 ||| Stepping ~*~*~tactically~*~*~ (outnumbered).
  2307 | D:2      | Slain by a gnoll

Levels and vault maps discovered:
D:1:      shiori_shiawase, layout_basic, minmay_pentomino_z4
D:2:      layout_basic, basic_altar,
          dreamdust_ecumenical_altar_angels_and_demons,
          kennysheep_cluttered_room

Skill      XL: |  1  2  3 |
---------------+----------+-----
Unarmed Combat | 1 2 |  2.6
Fighting       | 1 |  1.0
Shields        | 1 |  1.0
Dodging        | |  1.7
Stealth        | |  2.1
Spellcasting   | |  1.7
Conjurations   | |  0.7
Fire Magic     | |  2.4

Action                   || total
-------------------------++-------
Melee: Unarmed           ||   158
       Punch             ||     1
  Use: Scroll            ||     5
       Potion            ||     1
Armor: Robe              ||    29
Dodge: Dodged            ||    59
Block: Kite shield       ||    26

Table legend:
 A = Non-vault XP
 B = Vault XP
 C = Vault XP percentage of total XP
 D = Non-vault monster count
 E = Vault monster count
 F = Vault count percentage of total count
                 A         B        C        D         E       F
            +---------+---------+-------+---------+---------+-------
      Total |      52 |       8 |  13.3 |      29 |       3 |   9.4
            +---------+---------+-------+---------+---------+-------
        D:1 |      36 |       8 |  18.2 |      21 |       3 |  12.5
        D:2 |      16 |       0 |   0.0 |       8 |       0 |   0.0
            +---------+---------+-------+---------+---------+-------
